 Dungeon Crawl Stone Soup version 0.16-a0-3909-g31f9ca0 (console) character file.

3051 Monkaria the Cleaver (level 9, 0/83 HPs)
             Began as a Hill Orc Fighter on Feb 3, 2015.
             Was an Elder of Makhleb.
             Slain by a death yak (3 damage)
             ... on level 8 of the Dungeon.
             The game lasted 00:11:23 (6638 turns).

Monkaria the Cleaver (Hill Orc Fighter)             Turns: 6638, Time: 00:11:23

Health: 0/83       AC: 14    Str: 25    XL:     9   Next: 87%
Magic:  13/17      EV:  7    Int:  8    God:    Makhleb [****..]
Gold:   594        SH: 10    Dex: 12    Spells: 0 memorised, 8 levels left

rFire  . . .     SeeInvis .     a - +1 war axe
rCold  . . .     Clarity  .     b - +0 scale mail
rNeg   . . .     SustAb   .     c - +0 shield (curse)
rPois  .         Gourm    .     m - +1 helmet
rElec  .         Spirit   .     F - +1 cloak
rCorr  .         Warding  .     B - +0 pair of gloves
rMut   .         Stasis   .     (no boots)
MR     .....                    C - amulet of rage
Stlth  ..........               (no ring)
                                D - ring of wizardry

@: mighty, not resistant to hostile enchantments, extremely unstealthy
A: MP-powered wands 1
a: Minor Destruction, Lesser Servant of Makhleb, Major Destruction, Renounce
Religion, Evoke Berserk Rage


You were on level 8 of the Dungeon.
You worshipped Makhleb.
Makhleb was greatly pleased with you.
You were hungry.

You visited 2 branches of the dungeon, and saw 9 of its levels.

You collected 594 gold pieces.

Inventory:

Hand weapons
 a - a +1 war axe (weapon)
Missiles
 A - 15 poisoned needles
Armour
 b - a +0 scale mail (worn)
 c - a cursed +0 shield (worn)
 m - a +1 helmet (worn)
 B - a +0 pair of gloves (worn)
 F - a +1 cloak (worn)
Magical staves
 E - an uncursed staff of cold
Jewellery
 v - an uncursed amulet of resist corrosion
 C - an amulet of rage (around neck)
 D - a ring of wizardry (left hand)
Magical devices
 l - a wand of magic darts (29)
 G - a wand of flame (24)
 J - a wand of disintegration (12)
Scrolls
 f - 2 scrolls of enchant weapon
 g - a scroll of enchant armour
 k - a scroll of torment {unknown}
 n - 2 scrolls of remove curse {unknown}
 p - 2 scrolls of immolation {unknown}
 s - 3 scrolls of identify
 t - 3 scrolls of magic mapping {unknown}
 y - 4 scrolls of teleportation
Potions
 h - a potion of cure mutation
 j - 2 potions of agility
 o - 2 potions of curing
 u - a potion of brilliance
 x - a potion of restore abilities {unknown}
Books
 r - a book of Power

   Spells                             Type                      Level
   a - Fulminant Prism                Conjuration/Hexes            4
   b - Iskenderun's Mystic Blast      Conjuration                  4
   c - Venom Bolt                     Conjuration/Poison           5
   d - Bolt of Magma                  Conjuration/Fire/Earth       5
   e - Iron Shot                      Conjuration/Earth            6
   f - Orb of Destruction             Conjuration                  7
   g - Spellforged Servitor           Conjuration/Summoning        7
 w - a book of the Tempests

   Spells                             Type                      Level
   a - Static Discharge               Conjuration/Air              3
   b - Lightning Bolt                 Conjuration/Air              5
   c - Fireball                       Conjuration/Fire             5
   d - Tornado                        Air                          9
   e - Shatter                        Earth                        9
Miscellaneous
 I - a plain deck of changes
Comestibles
 d - 6 meat rations
 q - 5 bread rations
 z - 7 fruits
 H - a beef jerky


   Skills:
 - Level 9.1 Fighting
 - Level 10.7 Axes
 - Level 8.3 Armour
 - Level 3.2 Shields
 + Level 5.5 Invocations


You had 8 spell levels left.
You didn't know any spells.

Dungeon Overview and Level Annotations

Branches:
Dungeon (8/15)             Temple (1/1) D:7            Lair (0/8) D:8

Altars:
Ashenzari
Cheibriados
Dithmenos
Elyvilon
Fedhas
Gozag
Kikubaaqudgha
Makhleb
Nemelex Xobeh
Okawaru
Qazlal
Ru
Sif Muna
Trog
Vehumet
Xom
Yredelemnul
Zin
The Shining One

Shops:
D:6 (


Innate Abilities, Weirdness & Mutations

You expend magic power (3 MP) to slightly strengthen your wands.


Message History

The death yak barely misses you.
You hit the death yak but do no damage.
The death yak is moderately wounded.
You block the death yak's attack.
You barely miss the death yak.
The death yak is moderately wounded.
The death yak gores you.
You slice the death yak!!
The death yak is heavily wounded.
The death yak gores you.
You slash the death yak!
The death yak is severely wounded.
The death yak gores you!!
* * * LOW HITPOINT WARNING * * *
The death yak gores you!
* * * LOW HITPOINT WARNING * * *
You barely miss the death yak.
The death yak is severely wounded.
The death yak gores you.
You die...

...##....#####.....#######..
#...........B..............#
#......######..##............
#.#.#..######....(......#.#...
##......#........B.............
...#.#....#....#.#.#.....#.#...
.........#.....#.#.#.........#
....#.......######.#.......###
...##.......##..@Y.###.#####
#..........##.#######.....######
##....######.#....##..........#
#####...# #.#...........######
........## #.#...........#
.<.......#####.#....##.....#
...#.#........>#....##.....# #
#........#.....#...####..### .#
...#.#.#######.#...# ##..##..#


You could see a death yak.

Vanquished Creatures
  An elephant (D:8)
  Menkaure (D:5)
  A water moccasin (D:3)
  3 sky beasts
  An elephant zombie (D:8)
  An ice beast (D:6)
  A necrophage (D:4)
  An ogre (D:7)
  3 centaurs
  Duvessa (D:5)
  A big kobold (D:7)
  Blork the orc (D:6)
  3 giant frogs
  4 killer bees (D:7)
  4 wights (D:7)
  Dowan (D:5)
  A wasp zombie (D:8)
  2 goliath beetles
  3 crimson imps
  2 orc priests (D:4)
  2 giant frog skeletons
  2 jellies
  Crazy Yiuf (D:3)
  2 iguanas
  A hound (D:5)
  3 worker ants (D:4)
  Robin (D:4)
  3 gnolls (D:4)
  A worker ant zombie (D:7)
  12 adders
  A giant mite (D:6)
  3 worms
  2 shadow imps
  3 giant geckos
  2 oozes
  5 orcs
  14 bats
  6 giant cockroaches
  15 goblins
  9 hobgoblins
  3 ball pythons
  A giant gecko zombie (D:5)
  6 giant newts
  A jackal skeleton (D:4)
  27 kobolds
  2 quokkas
  9 rats
  2 ballistomycetes (D:8)
  A fungus (D:3)
176 creatures vanquished.

Vanquished Creatures (others)
  A giant spore (D:8)
1 creature vanquished.

Grand Total: 177 creatures vanquished

Notes
Turn   | Place    | Note
--------------------------------------------------------------
     0 | D:1      | Monkaria, the Hill Orc Fighter, began the quest for the Orb.
     0 | D:1      | Reached XP level 1. HP: 19/19 MP: 1/1
   164 | D:1      | Reached XP level 2. HP: 24/27 MP: 2/2
   375 | D:1      | Reached skill level 4 in Axes
   708 | D:2      | Found a burning altar of Makhleb.
   718 | D:2      | Reached XP level 3. HP: 33/33 MP: 3/3
   723 | D:2      | Became a worshipper of Makhleb the Destroyer
   798 | D:2      | Found a radiant altar of Vehumet.
   918 | D:2      | Reached skill level 5 in Axes
   935 | D:2      | Reached XP level 4. HP: 40/40 MP: 4/4
   991 | D:2      | Acquired Makhleb's first power
  1498 | D:3      | Noticed a water moccasin
  1507 | D:3      | Killed a water moccasin
  1507 | D:3      | Reached skill level 7 in Axes
  1507 | D:3      | Reached XP level 5. HP: 35/46 MP: 5/5
  1580 | D:3      | Found a glowing silver altar of Zin.
  1688 | D:3      | Reached XP level 6. HP: 50/52 MP: 6/6
  1707 | D:3      | Noticed Crazy Yiuf
  1968 | D:3      | Reached skill level 8 in Axes
  2130 | D:3      | Killed Crazy Yiuf
  2317 | D:4      | Found a glowing golden altar of the Shining One.
  2331 | D:4      | Acquired Makhleb's second power
  2339 | D:4      | Reached skill level 9 in Axes
  2480 | D:4      | Reached XP level 7. HP: 59/59 MP: 7/7
  2520 | D:4      | Noticed Robin
  2533 | D:4      | Killed Robin
  2683 | D:4      | Reached skill level 10 in Axes
  2764 | D:4      | Acquired Makhleb's third power
  2930 | D:4      | Found a shadowy altar of Dithmenos.
  2930 | D:4      | Found a sacrificial altar of Ru.
  3084 | D:4      | Found an ancient bone altar of Kikubaaqudgha.
  3125 | D:5      | Entered Level 5 of the Dungeon
  3171 | D:5      | Gained mutation: You expend magic power (3 MP) to slightly strengthen your wands. [mutagenic meat]
  3185 | D:5      | Reached skill level 5 in Armour
  3241 | D:5      | Reached XP level 8. HP: 63/66 MP: 8/8
  3250 | D:5      | Noticed Duvessa
  3263 | D:5      | Noticed Dowan
  3274 | D:5      | Killed Duvessa
  3293 | D:5      | Killed Dowan
  3567 | D:5      | Noticed Menkaure
  3578 | D:5      | Killed Menkaure
  3917 | D:5      | Found a blossoming altar of Fedhas.
  4253 | D:6      | Found a staircase to the Ecumenical Temple.
  4454 | D:6      | Noticed Blork the orc
  4462 | D:6      | Killed Blork the orc
  4496 | D:6      | Found a white marble altar of Elyvilon.
  4507 | D:6      | Reached skill level 5 in Fighting
  4525 | D:6      | Acquired Makhleb's fourth power
  4632 | D:6      | Found a bloodstained altar of Trog.
  4644 | D:6      | Found a shattered altar of Ashenzari.
  4686 | D:6      | Found a basalt altar of Yredelemnul.
  4768 | D:6      | Found an opulent altar of Gozag.
  4868 | D:6      | Found Ogyaz's Antique Weapon Boutique.
  4925 | D:6      | Reached XP level 9. HP: 73/78 MP: 9/9
  5369 | D:7      | Found a stormy altar of Qazlal.
  5927 | D:7      | Found a staircase to the Ecumenical Temple.
  6242 | Temple   | Entered the Ecumenical Temple
  6458 | D:8      | Found a sparkling altar of Nemelex Xobeh.
  6558 | D:8      | Noticed an elephant
  6559 | D:8      | Found a staircase to the Lair.
  6559 | D:8      | Noticed a death yak
  6608 | D:8      | Killed an elephant
  6617 | D:8      | Reached skill level 5 in Invocations
  6637 | D:8      | HP: 3/83 [death yak (15)]
  6638 | D:8      | Slain by a death yak

Action                   |  1- 3 |  4- 6 |  7- 9 || total
-------------------------+-------+-------+-------++-------
Melee: War axe           |    89 |   181 |   479 ||   749
Invok: Minor Destruction |       |       |     4 ||     4
  Use: Scroll            |       |     6 |     4 ||    10
       Potion            |       |     1 |     2 ||     3
  Eat: Chunk             |       |     6 |    12 ||    18
       Royal jelly       |       |       |     1 ||     1
